 Dungeon Crawl Stone Soup version 0.28.0 (webtiles) character file.

Game seed: 16698156592217614124

22 fragbeetle the Poker (level 2, -1/22 HPs)
             Began as a Demonspawn Gladiator on Feb 13, 2022.
             Succumbed to an adder's poison
             ... on level 2 of the Dungeon.
             The game lasted 00:00:50 (667 turns).

fragbeetle the Poker (Demonspawn Gladiator)          Turns: 667, Time: 00:00:50

Health: -1/22      AC:  4    Str: 14    XL:     2   Next: 68%
Magic:  2/2        EV: 12    Int:  9    God:
Gold:   30         SH:  0    Dex: 14    Spells: 1/1 levels left

rFire   . . .      SeeInvis .   a - +0 trident
rCold   . . .      Faith    .   (no shield)
rNeg    . . .      Spirit   .   b - +0 leather armour
rPois   .          Reflect  .   c - +0 helmet
rElec   .          Harm     .   (no cloak)
rCorr   .          Rampage  .   (no gloves)
Will    .....                   (no boots)
Stlth   +.........              (no amulet)
HPRegen 0.07/turn               (no ring)
MPRegen 0.08/turn               (no ring)

@: lethally poisoned (-1 -> -10)
A: spiny 1
a: no special abilities


You were on level 2 of the Dungeon.
You visited 1 branch of the dungeon, and saw 2 of its levels.

You collected 30 gold pieces.

Inventory:

Hand Weapons
 a - a +0 trident (weapon)
Missiles
 d - 3 throwing nets (quivered)
Armour
 b - a +0 leather armour (worn)
 c - a +0 helmet (worn)
Scrolls
 f - a scroll of teleportation {unknown}
Potions
 e - a potion of lignification {unknown}


   Skills:
 - Level 2.0 Fighting
 * Level 3.6 Polearms
 - Level 1.7 Throwing
 - Level 2.6 Dodging


You had one spell level left.
You didn't know any spells.
Your spell library was empty.

Dungeon Overview and Level Annotations

Branches:
Dungeon (2/15)

Altars:


Innate Abilities, Weirdness & Mutations

You are partially covered in sharp spines.


Message History

An adder is nearby!
An adder is nearby!
You closely miss the adder. The adder bites you.
You barely miss the adder. The adder is struck by your spines.
The adder barely misses you. The adder is struck by your spines.
The adder closely misses you.
You closely miss the adder.
The adder is moderately wounded.
The adder bites you.
You barely miss the adder. Your punch misses the adder.
The adder is lightly wounded.
The adder is struck by your spines. The adder bites you.
You are poisoned.
The adder poisons you! The adder bites you but does no damage.
You barely miss the adder.
The adder is moderately wounded.
You feel sick. The adder barely misses you.
You miss the adder.
The adder is lightly wounded.
You feel sick. The adder closely misses you. The adder bites you.
You are more poisoned.
The adder poisons you!
You are too injured to fight recklessly!
You are too injured to fight recklessly!
You are too injured to fight recklessly!
You hit the adder.
The adder is severely wounded.
You feel sick. The adder bites you.
* * * LOW HITPOINT WARNING * * *
You are more poisoned.
The adder poisons you!
You closely miss the adder.
The adder is severely wounded.
* * * LOW HITPOINT WARNING * * *
You feel very sick. The adder misses you. The adder bites you.
* * * LOW HITPOINT WARNING * * *
You puncture the adder!
You kill the adder!
You die...

########
#......#######.
#.####.<.......
#@# ##########
#†# #.# #.# #.#
... #.# #.#


There were no monsters in sight!

Vanquished Creatures
  An adder (D:2)
  A dart slug (D:1)
  2 giant cockroaches (D:1)
  A goblin (D:1)
  A hobgoblin (D:1)
  3 jackals (D:1)
  2 quokkas (D:1)
  4 ball pythons (D:1)
  3 frilled lizards (D:1)
  A kobold (D:1)
  2 rats (D:1)
21 creatures vanquished.

Vanquished Creatures (others)
  2 plants (D:1)
  4 toadstools (D:1)
6 creatures vanquished.

Grand Total: 27 creatures vanquished

Notes
Turn   | Place    | Note
-------+----------+-------------------------------------------
     0 | D:1      | fragbeetle the Demonspawn Gladiator began the quest for the
                  | Orb.
     0 | D:1      | Reached XP level 1. HP: 16/16 MP: 1/1
    41 | D:1      | Reached skill level 3 in Polearms
   188 | D:1      | Gained mutation: You are partially covered in sharp spines.
                  | [demonic ancestry]
   188 | D:1      | Reached XP level 2. HP: 18/22 MP: 2/2
   312 | D:1      | Found a faded altar of an unknown god.
   666 | D:2      | HP: 1/22 [adder (2)]
   667 | D:2      | Succumbed to an adder's poison

Illustrated notes

Levels and vault maps discovered:
D:1:      ldierk_walled_garden_2, layout_basic,
          shapermc_ecumenical_altar_mp_urbaneastern
D:2:      layout_loops_ring, nicolae_grassy_gnolls

Skill      XL: |  1 |
---------------+----+-----
Polearms       | 3 |  3.6
Fighting       | |  2.0
Throwing       | |  1.7
Dodging        | |  2.6

Action                   || total
-------------------------++-------
Melee: Trident           ||    53
Armor: Leather armour    ||    10
Dodge: Dodged            ||    25
